 Dungeon Crawl Stone Soup version 0.26.1-11-gd32895ea62 (webtiles) character file.

Game seed: 9276096689019017896

23710 nothank2 the Fencer (level 12, -1/106 HPs)
             Began as a Minotaur Fighter on July 16, 2021.
             Was a High Priest of the Shining One.
             Shot with an arrow by Nessos (5 damage)
             ... on level 4 of the Lair of Beasts.
             The game lasted 00:34:20 (18123 turns).

nothank2 the Fencer (Minotaur Fighter)             Turns: 18123, Time: 00:34:21

Health: -1/106     AC: 18    Str: 26    XL:     12   Next: 74%
Magic:  11/11      EV:  5    Int:  5    God:    the Shining One [*****.]
Gold:   1016       SH: 20    Dex: 10    Spells: 11/11 levels left

rFire    . . .     SeeInvis .   D - +6 scimitar
rCold    . . .     Faith    .   N - +1 tower shield
rNeg     + + .     Spirit   .   K - +0 plate armour
rPois    .         Reflect  .   (helmet restricted)
rElec    .         Harm     .   d - +1 cloak
rCorr    +         Rampage  .   (no gloves)
Will     +....                  (no boots)
Stlth    ..........             R - amulet of the acrobat
HPRegen  0.27/turn              m - ring of resist corrosion
MPRegen  0.12/turn              V - ring of willpower

@: glowing
A: retaliatory headbutt, horns 2
a: Renounce Religion, Divine Shield, Cleansing Flame, Summon Divine Warrior


You were on level 4 of the Lair of Beasts.
You worshipped the Shining One.
The Shining One was extremely pleased with you.
You visited 3 branches of the dungeon, and saw 16 of its levels.

You collected 1104 gold pieces.
You spent 88 gold pieces at shops.

Inventory:

Hand Weapons
 a - a +0 long sword
 D - a +6 scimitar (weapon)
 I - a +0 falchion of flaming
 W - a +2 vorpal long sword
Missiles
 k - 68 poisoned darts
 L - 2 curare-tipped darts (quivered)
Armour
 b - a +0 scale mail
 c - a +0 kite shield
 d - a +1 cloak (worn)
 K - a +0 plate armour (worn)
 N - a +1 tower shield (worn)
Jewellery
 g - an uncursed amulet of faith
 m - a ring of resist corrosion (left hand)
 R - an amulet of the acrobat (around neck)
 T - an uncursed amulet of reflection
 V - a ring of willpower (right hand)
Wands
 l - a wand of iceblast (19)
 y - a wand of paralysis (19)
 A - a wand of flame (34)
 C - a wand of polymorph (5)
 F - a wand of acid (9)
 H - a wand of disintegration (28)
 O - a wand of digging (15)
Scrolls
 h - 7 scrolls of teleportation
 i - 11 scrolls of remove curse
 o - 5 scrolls of fog
 p - 2 scrolls of enchant weapon
 r - 3 scrolls of noise
 u - 3 scrolls of enchant armour
 x - 9 scrolls of immolation
 B - 8 scrolls of identify
 E - a scroll of fear {unknown}
 Q - a scroll of vulnerability {unknown}
 S - a scroll of blinking
 U - a scroll of brand weapon {unknown}
Potions
 e - 4 potions of lignification
 f - 2 potions of invisibility
 n - 3 potions of heal wounds
 q - a potion of resistance
 s - 3 potions of cancellation
 t - 3 potions of attraction
 v - 2 potions of flight {unknown}
 w - a potion of brilliance
 z - 3 potions of haste
 G - 4 potions of degeneration
 J - a potion of berserk rage
 M - a potion of mutation
 P - a potion of might


   Skills:
 - Level 10.3 Fighting
 + Level 15.9 Long Blades
 * Level 12.5 Armour
 * Level 12.5 Shields


You had 11 spell levels left.
You didn't know any spells.
Your spell library contained the following spells:

 Spells                   Type           Power        Failure   Level
 Beastly Appendage        Tmut           0%           100%        1
 Corona                   Hex            0%           100%        1
 Magic Dart               Conj           0%           100%        1
 Blink                    Tloc           N/A          100%        2
 Call Imp                 Summ           0%           100%        2
 Slow                     Hex            0%           100%        2
 Wereblood                Tmut           0%           100%        2
 Confusing Touch          Hex            0%           100%        3
 Conjure Flame            Conj/Fire      0%           100%        3
 Gell's Gravitas          Tloc           0%           100%        3
 Inner Flame              Hex/Fire       0%           100%        3
 Mephitic Cloud           Conj/Pois/Air  0%           100%        3
 Portal Projectile        Hex/Tloc       0%           100%        3
 Spider Form              Tmut/Pois      0%           100%        3
 Cause Fear               Hex            0%           100%        4
 Ice Form                 Ice/Tmut       0%           100%        4
 Leda's Liquefaction      Hex/Erth       0%           100%        4
 Petrify                  Tmut/Erth      0%           100%        4
 Blade Hands              Tmut           0%           100%        5
 Metabolic Englaciation   Hex/Ice        0%           100%        5
 Yara's Violent Unravell  Hex/Tmut       0%           100%        5


Dungeon Overview and Level Annotations

Branches:
Dungeon (11/15)            Temple (1/1) D:4            Lair (4/6) D:11
  Swamp (0/4) Lair:2          Orc (0/2) D:9
  Snake: Lair:2-4    Spider: Lair:2-4

Altars:
Ashenzari
Cheibriados
Dithmenos
Elyvilon
Fedhas
Gozag
Hepliaklqana
Kikubaaqudgha
Makhleb
Nemelex Xobeh
Okawaru
Qazlal
Ru
Sif Muna
Trog
Uskayaw
Vehumet
Wu Jian
Xom
Yredelemnul
Zin
The Shining One

Shops:
D:4 *   D:11 (

Portals:
Trove: D:11 (give +6 demon trident)

Annotations:
D:8 3 runed translucent doors, MyelinatedAxon's ghost, novice HuGl
Lair:4 Nessos


Innate Abilities, Weirdness & Mutations

You reflexively headbutt those who attack you in melee.
You have a pair of horns on your head.


Message History

Nessos shoots an arrow.
You block the arrow.
You see here an arrow.
Nessos blinks!
Nessos shoots an arrow.
You block the arrow.
Nessos shoots an arrow.
The arrow hits you!!
* * * LOW HITPOINT WARNING * * *
The arrow burns you.
You are poisoned.
* * * LOW HITPOINT WARNING * * *
Nessos blinks!
You see here an arrow.
You feel better.
Nessos blinks!
Nessos shoots an arrow.
The arrow hits you!! The Shining One protects you from harm!
The arrow burns you!
You are poisoned.
* * * LOW HITPOINT WARNING * * *
You feel better.
Nessos shoots an arrow.
You block the arrow.
Nessos shoots an arrow.
The arrow hits you!
* * * LOW HITPOINT WARNING * * *
The arrow burns you.
You die...

...#
##.......#....#
..#
#....##[...[..#
##
##..#####..#....
##...#.....###.#.
#...........#####
#..........##
##.........P#
#...........#
###@........###
#.........§.#
##..(>.....###
##...(......#
#...((....P##
#..(.#...###
#.(####c## #.†##
##.# #.. ###


You could see Nessos (fast).

Vanquished Creatures
  A hydra (Lair:1)
  A boulder beetle (Lair:3)
  A tengu warrior (D:11)
  Sonja (D:10)
  Nergalle (Lair:3)
  An ugly thing (D:8)
  2 gargoyles
  Maggie (D:7)
  A black mamba (Lair:3)
  9 cane toads
  5 komodo dragons
  A rime drake (Lair:2)
  A polar bear (Lair:3)
  2 hornets
  4 blink frogs
  Sigmund (D:6)
  2 wyverns
  Eustachio (D:9)
  30 yaks
  3 basilisks
  A warg (D:9)
  8 water moccasins
  2 sky beasts (D:9)
  3 black bears
  8 orc warriors
  An ice beast (D:5)
  A necrophage (D:10)
  5 ogres
  16 wolves
  5 centaurs
  Blork the orc (D:9)
  A big kobold (D:7)
  16 bullfrogs
  A gnoll sergeant (D:9)
  2 scorpions
  3 killer bees (D:8)
  10 wights
  4 howler monkeys
  2 electric eels (Lair:2)
  3 centaur zombies
  2 hounds
  2 jellies
  12 orc priests
  2 centaur skeletons
  5 orc wizards
  An iguana (D:7)
  3 worker ants
  A hound skeleton (D:7)
  A mummy (D:7)
  6 adders
  A shadow imp (D:9)
  A white imp (D:5)
  5 ufetubi
  3 oozes
  An adder zombie (D:9)
  An adder skeleton (D:7)
  2 worms
  A dart slug (D:1)
  7 leopard geckos
  41 orcs
  4 giant cockroaches
  8 goblins
  9 hobgoblins
  9 jackals
  4 quokkas
  2 ball pythons
  9 bats
  4 frilled lizards
  15 kobolds
  A leopard gecko skeleton (D:6)
  A leopard gecko zombie (D:7)
  A quokka zombie (D:6)
  4 rats
331 creatures vanquished.

Vanquished Creatures (others)
  An orc (D:7)
  32 fungi
  32 plants
65 creatures vanquished.

Grand Total: 396 creatures vanquished

Notes
Turn   | Place    | Note
-------+----------+-------------------------------------------
     0 | D:1      | nothank2 the Minotaur Fighter began the quest for the Orb.
     0 | D:1      | Reached XP level 1. HP: 19/19 MP: 0/0
    83 | D:1      | Reached skill level 3 in Long Blades
   108 | D:1      | Reached XP level 2. HP: 27/27 MP: 1/1
   837 | D:2      | Reached XP level 3. HP: 7/33 MP: 2/2
  1245 | D:2      | Found an ancient bone altar of Kikubaaqudgha.
  1246 | D:2      | Found an opulent altar of Gozag.
  1311 | D:2      | Reached skill level 4 in Long Blades
  1793 | D:3      | Reached XP level 4. HP: 29/41 MP: 3/3
  2293 | D:3      | Reached skill level 5 in Long Blades
  2987 | D:3      | Found a basalt altar of Yredelemnul.
  2989 | D:3      | Found a glowing silver altar of Zin.
  3092 | D:4      | Reached XP level 5. HP: 44/47 MP: 4/4
  3192 | D:4      | Found an ornate altar of the Wu Jian Council.
  3443 | D:4      | Reached skill level 6 in Long Blades
  3661 | D:4      | Found a staircase to the Ecumenical Temple.
  3669 | D:4      | Found Denior's General Store.
  3672 | Temple   | Entered the Ecumenical Temple
  3764 | Temple   | Became a worshipper of the Shining One
  3829 | D:4      | Found a white marble altar of Elyvilon.
  3931 | D:4      | Found a burning altar of Makhleb.
  3993 | D:5      | Entered Level 5 of the Dungeon
  4091 | D:5      | Reached skill level 7 in Long Blades
  4091 | D:5      | Reached XP level 6. HP: 30/55 MP: 5/5
  4478 | D:5      | Noticed an ice beast
  4483 | D:5      | Reached skill level 5 in Fighting
  4484 | D:5      | Found a radiant altar of Vehumet.
  4495 | D:5      | Killed an ice beast
  4678 | D:5      | Reached skill level 8 in Long Blades
  4969 | D:5      | Reached XP level 7. HP: 57/61 MP: 6/6
  5157 | D:6      | Noticed Sigmund
  5170 | D:6      | Killed Sigmund
  5221 | D:6      | Found a stormy altar of Qazlal.
  5393 | D:6      | Reached skill level 9 in Long Blades
  5498 | D:6      | Found a shadowy altar of Dithmenos.
  5613 | D:6      | Found a sparkling altar of Nemelex Xobeh.
  5889 | D:6      | Found a sparkling altar of Nemelex Xobeh.
  5928 | D:6      | Found a shimmering blue altar of Sif Muna.
  6041 | D:7      | Reached XP level 8. HP: 69/71 MP: 7/7
  6056 | D:7      | Noticed Maggie
  6056 | D:7      | Reached * piety under the Shining One
  6068 | D:7      | Reached skill level 10 in Long Blades
  6069 | D:7      | Killed Maggie
  6086 | D:7      | HP: 3/73 [poisoned by a water moccasin]
  6094 | D:7      | HP: 2/73 [poisoned by a water moccasin]
  6102 | D:7      | HP: 2/73 [poisoned by a water moccasin]
  6442 | D:7      | Reached skill level 11 in Long Blades
  7364 | D:7      | Found a hide-covered altar of Uskayaw.
  7447 | D:7      | Reached XP level 9. HP: 53/82 MP: 8/8
  7648 | D:7      | Reached skill level 12 in Long Blades
  7903 | D:7      | Reached ** piety under the Shining One
  8708 | D:8      | Noticed a cyan ugly thing
  8719 | D:8      | Killed a cyan ugly thing
  8720 | D:8      | Reached skill level 13 in Long Blades
  9176 | D:8      | Found a runed translucent gate.
  9176 | D:8      | Found a runed translucent gate.
  9176 | D:8      | Found a runed translucent gate.
  9177 | D:8      | Noticed a ten-headed hydra
  9178 | D:8      | Noticed MyelinatedAxon's ghost (novice HuGl)
  9623 | D:9      | Found a staircase to the Orcish Mines.
  9625 | D:9      | Reached *** piety under the Shining One
  9629 | D:9      | Reached skill level 10 in Fighting
  9662 | D:9      | Reached XP level 10. HP: 38/93 MP: 9/9
 10332 | D:9      | Noticed Blork the orc
 10339 | D:9      | Killed Blork the orc
 10341 | D:9      | Reached skill level 14 in Long Blades
 10351 | D:9      | Noticed Eustachio
 10403 | D:9      | Killed Eustachio
 10606 | D:9      | Found a blossoming altar of Fedhas.
 10752 | D:9      | Reached skill level 5 in Armour
 10752 | D:9      | Reached skill level 5 in Shields
 10916 | D:9      | Found a broken altar of Ashenzari.
 10990 | D:10     | Entered Level 10 of the Dungeon
 11003 | D:10     | Noticed Sonja
 11005 | D:10     | Noticed a gargoyle
 11009 | D:10     | Killed Sonja
 11332 | D:10     | Killed a gargoyle
 12543 | D:11     | Reached XP level 11. HP: 100/100 MP: 10/10
 12558 | D:11     | Found a staircase to the Lair.
 12589 | D:11     | Reached **** piety under the Shining One
 12683 | D:11     | Found a portal to a secret trove of treasure.
 12982 | D:11     | Found Udopobbu's Hydra Hut.
 12990 | D:11     | Paralysed by a hornet for 1 turns
 13010 | D:11     | Noticed an eight-headed hydra
 13015 | D:11     | Bought a +0 falchion of flaming for 88 gold pieces
 13074 | D:11     | Found an ornate altar of the Wu Jian Council.
 13267 | D:11     | Noticed a tengu warrior
 13275 | D:11     | Killed a tengu warrior
 13620 | Lair:1   | Entered Level 1 of the Lair of Beasts
 13795 | Lair:1   | Reached skill level 15 in Long Blades
 13977 | Lair:1   | Noticed a five-headed hydra
 13990 | Lair:1   | Killed a one-headed hydra
 14008 | Lair:1   | Reached skill level 10 in Armour
 14008 | Lair:1   | Reached skill level 10 in Shields
 14934 | Lair:2   | Reached XP level 12. HP: 106/106 MP: 11/11
 14987 | Lair:2   | Found a staircase to the Swamp.
 16942 | Lair:3   | Noticed a boulder beetle
 16958 | Lair:3   | Killed a boulder beetle
 17328 | Lair:3   | Noticed Nergalle
 17338 | Lair:3   | Killed Nergalle
 17433 | Lair:3   | Reached ***** piety under the Shining One
 18100 | Lair:4   | Noticed Nessos
 18122 | Lair:4   | The Shining One protects you from harm!
 18123 | Lair:4   | HP: 4/106 [Nessos/arrow (12)]
 18123 | Lair:4   | Shot with an arrow by Nessos

Illustrated notes

Levels and vault maps discovered:
D:1:      minmay_arrival_cross, layout_loops_ring, hangedman_decor_peaks_small
D:2:      layout_basic, minitemple
D:3:      layout_basic, nicolae_overflow_hidden_temple, st_stairs_1,
          kennysheep_generic_room_6
D:4:      layout_cave_pools, kennysheep_mini, lemuel_crystal_altar,
          minmay_temple_entry_proselytizer, serial_shops,
          nicolae_shop_window_shopping, elyvilon_altar_3
D:5:      layout_basic, vehumet_altar_wand_db, skrybe_limestone_x
D:6:      layout_loops_ring, lemuel_coloured_pillars_altar,
          nemelex_xobeh_ov_fountains_minmay, nicolae_dithmenos_the_darkroom,
          basic_altar, nicolae_qazlal_general_emergency, uniq_sigmund
D:7:      layout_basic, basic_altar, gup_ossuary_entry_pyramid, uniq_maggie
D:8:      layout_rooms, gammafunk_ghost_hydra_chop
D:9:      layout_rooms, lemuel_doored_altar, kennysheep_little_box, erik_orc_3,
          sword_in_stone
D:10:     layout_grid_maze, uniq_sonja
D:11:     layout_grid_maze, due_lair_maze_entry_diamond, basic_altar,
          enter_trove_1, doesnt_shop_hydraphobe
Temple:   dpeg_three_leaves_temple
Lair:1:   layout_gridlike
Lair:2:   statuecave_lemuel, layout_layer_cave, swamp_mist
Lair:3:   layout_gridlike, nzn_random_ring, lemuel_fruit_tree, uniq_nergalle
Lair:4:   layout_cave_pods, spider_nest_entry_funnel_web, portal_ice_cave_rime,
          minivault_26, grunt_megastairs_3, uniq_nessos

Skill      XL: |  1  2  3  4  5  6  7  8  9 10 11 12 |
---------------+-------------------------------------+-----
Long Blades    | 3 4 5 7 8 9 11 13 14 15 | 15.9
Fighting       | 4 5 6 8 10 | 10.3
Armour         | 7 10 12 | 12.5
Shields        | 7 10 12 | 12.5

Action                   |  1- 3 |  4- 6 |  7- 9 | 10-12 || total
-------------------------+-------+-------+-------+-------++-------
Melee: Long sword        |    75 |   153 |   151 |       ||   379
       Headbutt          |    14 |    23 |    39 |   106 ||   182
       Scimitar          |       |       |    97 |   500 ||   597
       Falchion          |       |       |       |     8 ||     8
Throw: Dart              |     5 |     2 |    14 |    55 ||    76
  Use: Scroll            |       |       |     7 |    14 ||    21
       Potion            |       |       |     1 |     3 ||     4
Armor: Scale mail        |    42 |    55 |    61 |     2 ||   160
       Plate armour      |       |       |       |   122 ||   122
Dodge: Dodged            |    30 |    34 |    69 |    48 ||   181
Block: Kite shield       |    55 |    67 |   114 |    42 ||   278
       Tower shield      |       |       |       |   353 ||   353
       Rpst.: Long sword |     6 |     7 |    12 |       ||    25
       Scimitar          |       |       |     6 |    12 ||    18
